 Dungeon Crawl Stone Soup version 0.18.1-6-gd335043 (webtiles) character file.

1886 M4edhros the Spear-Bearer (level 9, -1/66 HPs)
             Began as a Formicid Fighter on May 20, 2016.
             Was a Believer of Dithmenos.
             Slain by a fire elemental (4 damage)
             ... summoned by a deep elf mage
             ... on level 7 of the Dungeon.
             The game lasted 00:07:44 (6621 turns).

M4edhros the Spear-Bearer (Formicid Fighter)        Turns: 6621, Time: 00:07:45

Health: -1/66      AC: 12    Str: 21    XL:     9   Next: 37%
Magic:  9/9        EV: 11    Int: 13    God:    Dithmenos [**....]
Gold:   109        SH: 11    Dex: 18    Spells: 0 memorised, 8 levels left

rFire  + . .     SeeInvis +     B - +0 halberd
rCold  . . .     Gourm    .     e - +0 plate armour
rNeg   . . .     Faith    .     c - +0 shield
rPois  .         Spirit   .     (helmet unavailable)
rElec  .         Dismiss  .     r - +0 cloak
rCorr  .         Reflect  .     (no gloves)
SustAt .         Harm     .     (no boots)
MR     +....                    (no amulet)
Stlth  ..........               C - ring of protection from fire
                                d - ring of protection from magic

@: brilliant, agile, wreathed by umbra, somewhat resistant to hostile
enchantments, extremely unstealthy
A: permanent stasis, dig shafts and tunnels, four strong arms, antennae 3
a: Dig, Shaft Self, Shadow Step, Renounce Religion


You were on level 7 of the Dungeon.
You worshipped Dithmenos.
Dithmenos was pleased with you.
You were very hungry.

You visited 1 branch of the dungeon, and saw 7 of its levels.

You collected 362 gold pieces.
You spent 253 gold pieces at shops.

Inventory:

Hand Weapons
 a - a +0 trident
 B - a +0 halberd (weapon)
Armour
 b - a +0 scale mail
 c - a +0 shield (worn)
 e - a +0 plate armour (worn)
 r - a +0 cloak (worn)
Jewellery
 d - a ring of protection from magic (left hand)
 p - an uncursed ring of sustain attributes
 C - a ring of protection from fire (right hand)
Wands
 w - a wand of polymorph (12/24)
 y - a wand of random effects (22/48)
Scrolls
 g - a scroll of brand weapon {unknown}
 h - 4 scrolls of fog {unknown}
 i - 3 scrolls of blinking {unknown}
 j - a scroll of amnesia {unknown}
 k - 4 scrolls of identify {unknown}
 l - 4 scrolls of teleportation {unknown}
 m - a scroll of noise {unknown}
 q - 4 scrolls of remove curse {unknown}
 u - 2 scrolls of recharging {unknown}
 x - 2 scrolls of fear {unknown}
 z - a scroll of enchant armour {unknown}
Potions
 n - a potion of brilliance
 t - a potion of agility
Comestibles
 f - 5 bread rations
 o - a slice of pizza
 s - 6 fruits
 A - a meat ration


   Skills:
 + Level 4.4 Fighting
 * Level 10.5 Polearms
 - Level 3.2 Armour
 + Level 2.4 Dodging
 + Level 5.3 Shields


You had 8 spell levels left.
You didn't know any spells.

Dungeon Overview and Level Annotations

Branches:
Dungeon (7/15)             Temple (0/1) D:6

Altars:
Ashenzari
Cheibriados
Dithmenos
Fedhas
Kikubaaqudgha
Okawaru
Qazlal
Vehumet
The Shining One

Shops:
D:6 *   D:7 *


Innate Abilities, Weirdness & Mutations

You are under a permanent stasis effect.
You can dig through walls and to a lower floor.
Your four strong arms can wield two-handed weapons with a shield.
You have a pair of large antennae on your head (SInv).


Message History

Press: ? - help, Dir - move target cursor, f/p - deep elf mage
Aim: a deep elf mage, wielding a dagger and wearing a ring mail (almost dead, umbra)
The fire elemental is in the way.
You closely miss the fire elemental. You block the fire elemental's attack.
The fire elemental barely misses you. You block the fire elemental's attack.
You block the fire elemental's attack. The fire elemental hits you.
* * * LOW HITPOINT WARNING * * *
The fire elemental burns you! You resist.
* * * LOW HITPOINT WARNING * * *
Attack whom?
Press: ? - help, Dir - move target cursor, f/p - deep elf mage
Aim: a deep elf mage, wielding a dagger and wearing a ring mail (almost dead, umbra)
The fire elemental is in the way.
You closely miss the fire elemental. The fire elemental hits you.
The fire elemental burns you! You resist.
* * * LOW HITPOINT WARNING * * *
You block the fire elemental's attack. The fire elemental closely misses you.
The fire elemental hits you. The fire elemental burns you! You resist.
* * * LOW HITPOINT WARNING * * *
The fire elemental hits you. The fire elemental burns you! You resist.
You die...

...........#######..(...'.....#..
...........#....#.......#.....#..
...........#....#.......#.....+..
...........#....#.......#.....#..
...........#.....#.#....#.....#..
........................#.....#..
...........###########..#.....#..
...........#...E........#.....#..
####.......#..EE@.......#.....#..
#.......#''e######8..#.....#..
#.......#P..+........#.....#..
#.......#...+.......##.....#..
#.......#...+........'∩.∩..'..
#.......#+++######8..#.[...#..
#.....).# ........#∩.∩..###
#.......# ........#.....#..
#.......###########..#.....#..


You could see a deep elf mage and 3 fire elementals.

Vanquished Creatures
  Eustachio (D:6)
  A hippogriff (D:3)
  An orc warrior (D:6)
  A black bear (D:6)
  A phantom (D:5)
  An ogre (D:7)
  The ghost of epen the Unweaver, an amateur DsAK of Lugonu (D:3)
  3 giant frogs
  2 scorpions
  2 crimson imps
  2 hounds
  A giant frog zombie (D:4)
  A centaur zombie (D:6)
  A gnoll shaman (D:7)
  A jelly (D:7)
  An orc wizard (D:6)
  2 giant frog skeletons
  3 iguanas
  Terence (D:3)
  Natasha (thrice) (D:4)
  4 worker ants
  7 gnolls (D:7)
  10 adders
  2 shadow imps (D:5)
  An adder zombie (D:5)
  4 worms
  2 dart slugs
  4 giant geckos
  10 orcs
  9 bats
  5 giant cockroaches
  9 hobgoblins
  6 jackals
  A ball python (D:2)
  5 giant newts
  13 goblins
  A jackal zombie (D:6)
  5 kobolds
  2 quokka skeletons (D:5)
  A quokka zombie (D:6)
  7 rats
138 creatures vanquished.

Vanquished Creatures (others)
  2 giant geckos (D:6)
2 creatures vanquished.

Grand Total: 140 creatures vanquished

Notes
Turn   | Place    | Note
--------------------------------------------------------------
     0 | D:1      | M4edhros the Formicid Fighter began the quest for the Orb.
     0 | D:1      | Reached XP level 1. HP: 18/18 MP: 1/1
   149 | D:1      | Reached XP level 2. HP: 24/24 MP: 2/2
   221 | D:1      | Reached skill level 3 in Polearms
   469 | D:1      | Reached XP level 3. HP: 29/29 MP: 3/3
   844 | D:2      | Reached skill level 4 in Polearms
   844 | D:2      | Reached XP level 4. HP: 28/35 MP: 4/4
  1003 | D:2      | Found a stormy altar of Qazlal.
  1010 | D:2      | Found a shadowy altar of Dithmenos.
  1106 | D:2      | Became a worshipper of Dithmenos the Shadowed
  1806 | D:3      | Noticed Terence
  1813 | D:3      | Killed Terence
  1813 | D:3      | Reached XP level 5. HP: 41/41 MP: 5/5
  1821 | D:3      | Reached skill level 5 in Polearms
  2039 | D:3      | Noticed a hippogriff
  2060 | D:3      | Killed a hippogriff
  2060 | D:3      | Reached skill level 6 in Polearms
  2060 | D:3      | Reached XP level 6. HP: 23/47 MP: 6/6
  2124 | D:3      | Noticed epen's ghost (amateur DsAK)
  2296 | D:3      | Found a shattered altar of Ashenzari.
  2506 | D:3      | Reached * piety under Dithmenos
  2629 | D:3      | Killed epen's ghost
  2629 | D:3      | Reached XP level 7. HP: 49/52 MP: 7/7
  2855 | D:4      | Reached skill level 7 in Polearms
  2962 | D:4      | Noticed Natasha
  2969 | D:4      | Killed Natasha
  3077 | D:4      | Noticed Natasha
  3086 | D:4      | Killed Natasha
  3135 | D:4      | Noticed Natasha
  3146 | D:4      | Killed Natasha
  3347 | D:5      | Entered Level 5 of the Dungeon
  3347 | D:5      | Found a radiant altar of Vehumet.
  3367 | D:5      | Reached skill level 8 in Polearms
  3762 | D:5      | Found a blossoming altar of Fedhas.
  3812 | D:5      | Reached XP level 8. HP: 40/58 MP: 8/8
  4240 | D:5      | Found an ancient bone altar of Kikubaaqudgha.
  4375 | D:6      | Found Vosch's Assorted Antiques.
  4375 | D:6      | Noticed Eustachio
  4403 | D:6      | Reached skill level 9 in Polearms
  4475 | D:6      | Killed Eustachio
  4608 | D:6      | Bought a jewelled great mace for 253 gold pieces
  4608 | D:6      | Identified the +3 great mace "Pumufeeh" {flame, *Corrode rF+ rN+} (You bought it in a shop on level 6 of the Dungeon)
  4733 | D:6      | Found an iron altar of Okawaru.
  5169 | D:6      | Reached skill level 1 in Dodging
  5426 | D:6      | Found a staircase to the Ecumenical Temple.
  5495 | D:6      | Reached ** piety under Dithmenos
  5497 | D:6      | Found a glowing golden altar of the Shining One.
  5533 | D:6      | Reached skill level 10 in Polearms
  5652 | D:6      | Reached XP level 9. HP: 63/65 MP: 9/9
  5948 | D:7      | Found a snail-covered altar of Cheibriados.
  6231 | D:7      | Reached skill level 5 in Shields
  6414 | D:7      | Found Kyosoel's Assorted Antiques.
  6595 | D:7      | Noticed a deep elf mage
  6621 | D:7      | HP: 3/66 [fire elemental[a deep elf mage] (2)]
  6621 | D:7      | Slain by a fire elemental

Skill      XL: |  1  2  3  4  5  6  7  8  9 |
---------------+----------------------------+-----
Polearms       | 3 4 6 8 10 | 10.5
Shields        | 4 5 |  5.3
Dodging        | 1 2 |  2.4
Fighting       | 4 |  4.4
Armour         | |  3.2

Action                   |  1- 3 |  4- 6 |  7- 9 || total
-------------------------+-------+-------+-------++-------
Melee: Trident           |   114 |   178 |   387 ||   679
       Halberd           |       |       |    41 ||    41
  Use: Potion            |     2 |     3 |    11 ||    16
 Stab: Invisible         |       |       |     6 ||     6
  Eat: Chunk             |       |     6 |     2 ||     8
       Meat ration       |       |       |     2 ||     2
Armor: Scale mail        |    51 |    54 |    67 ||   172
       Skin              |    11 |   103 |       ||   114
       Plate armour      |       |       |    57 ||    57
Dodge: Dodged            |    26 |    45 |   101 ||   172
Block: Shield            |    59 |   140 |   172 ||   371
